 Dungeon Crawl Stone Soup version 0.20.1-1-g8b1a95d (webtiles) character file.

168 Ijustatesigmund the Sneak (level 5, -2/30 HPs)
             Began as a Kobold Enchanter on Sept 14, 2017.
             Slain by an orc (3 damage)
             ... on level 3 of the Dungeon.
             The game lasted 00:09:53 (4119 turns).

Ijustatesigmund the Sneak (Kobold Enchanter)        Turns: 4119, Time: 00:09:54

Health: -2/30      AC:  2    Str:  6    XL:     5   Next: 77%
Magic:  1/8        EV: 20    Int: 16    God:
Gold:   87         SH:  7    Dex: 21    Spells: 5/8 levels left

rFire    . . .     SeeInvis .   a - +1 dagger
rCold    . . .     Gourm    .   e - +1 buckler
rNeg     . . .     Faith    .   b - +0 robe
rPois    .         Spirit   .   (no helmet)
rElec    .         Reflect  .   (no cloak)
rCorr    .         Harm     .   (no gloves)
MR       .....                  (no boots)
Stlth    ++++......             (no amulet)
Regen    0.1/turn               (no ring)
MPRegen  0.2/turn               (no ring)

@: agile, hasted, very quick
A: carnivore 3
a: no special abilities


You were on level 3 of the Dungeon.
You were not hungry.

You visited 1 branch of the dungeon, and saw 5 of its levels.

You collected 87 gold pieces.

Inventory:

Hand Weapons
 a - a +1 dagger (weapon)
 f - a +0 dagger of venom
 m - a +2 dagger of draining
Missiles
 p - 2 throwing nets (quivered)
Armour
 b - a +0 robe (worn)
 e - a +1 buckler (worn)
Jewellery
 l - an uncursed ring of fire
Potions
 i - a potion of mutation {unknown}
 j - a potion of agility
 o - a potion of cancellation {unknown}
Books
 c - a book of Maledictions

   Spells                             Type                      Level
   a - Corona                         Hexes                        1
   b - Ensorcelled Hibernation        Hexes/Ice                    2
   c - Confuse                        Hexes                        3
   d - Tukima's Dance                 Hexes                        3
   e - Dazzling Spray                 Conjuration/Hexes            3
Comestibles
 d - a meat ration
 n - a royal jelly


   Skills:
 - Level 2.1 Fighting
 + Level 4.0 Short Blades
 - Level 2.4 Dodging
 + Level 4.8 Stealth
 - Level 1.2 Shields
 - Level 2.1 Spellcasting
 - Level 3.0 Hexes
 - Level 2.0 Ice Magic


You had 5 spell levels left.
You knew the following spells:

 Your Spells              Type           Power        Failure   Level  Hunger
a - Corona                Hex            ##.....      9%          1    #......
b - Ensorcelled Hibernat  Hex/Ice        #.....       16%         2    ###....


Dungeon Overview and Level Annotations

Branches:
Dungeon (5/15)
 Temple: D:4-7

Altars:
Nemelex Xobeh
Uskayaw

Annotations:
D:4 attackplan's ghost, amateur HOFi


Innate Abilities, Weirdness & Mutations

You are small and have problems with some larger weapons.
You are carnivorous and can eat meat at any time.


Message History

* * * LOW HITPOINT WARNING * * *
You block the orc's attack.
You hit the orc.
The orc is lightly wounded.
The hound misses you. The orc barely misses you.
You closely miss the orc.
The orc is lightly wounded.
The hound closely misses you.
You hit the orc.
The orc is heavily wounded.
The orc closely misses you.
You hit the orc.
The orc is severely wounded.
The hound completely misses you.
You barely miss the orc.
The orc is severely wounded.
The hound bites you.
* * * LOW HITPOINT WARNING * * *
The orc hits you.
You die...

#.
.#.b..>o...#.....
.
..................
...%........#.....
...###............
.. ####...###### .
#...#####
#.$......
#.########........
#...o@hS...#######
############


You could see a hound, an adder and an orc.

Vanquished Creatures
  A hound (D:4)
  A bullfrog skeleton (D:5)
  An iguana (D:4)
  2 adders
  An adder skeleton (D:4)
  2 worms
  2 dart slugs (D:2)
  4 orcs
  4 giant cockroaches
  6 hobgoblins
  6 jackals (D:4)
  2 quokkas
  5 bats
  5 goblins
  A kobold (D:1)
  3 rats
46 creatures vanquished.

Notes
Turn   | Place    | Note
-------+----------+-------------------------------------------
     0 | D:1      | Ijustatesigmund the Kobold Enchanter began the quest for the Orb.
     0 | D:1      | Reached XP level 1. HP: 10/10 MP: 3/3
   234 | D:1      | Reached skill level 1 in Fighting
   240 | D:1      | Reached XP level 2. HP: 15/16 MP: 5/5
   399 | D:1      | Learned a level 2 spell: Ensorcelled Hibernation
  1244 | D:2      | Reached XP level 3. HP: 21/21 MP: 6/6
  1571 | D:2      | Found a hide-covered altar of Uskayaw.
  1634 | D:2      | Found a sparkling altar of Nemelex Xobeh.
  2068 | D:3      | Reached skill level 1 in Ice Magic
  2118 | D:2      | Reached XP level 4. HP: 8/26 MP: 2/7
  2909 | D:4      | Reached skill level 1 in Shields
  3138 | D:4      | Reached XP level 5. HP: 30/30 MP: 8/8
  3373 | D:4      | Noticed attackplan's ghost (amateur HOFi)
  3924 | D:5      | Entered Level 5 of the Dungeon
  4119 | D:3      | HP: 1/30 [hound (3)]
  4119 | D:3      | Slain by an orc

Skill      XL: |  1  2  3  4  5 |
---------------+----------------+-----
Fighting       | 1 2 |  2.1
Short Blades   | 2 3 4 |  4.0
Ice Magic      | 1 2 |  2.0
Shields        | 1 |  1.2
Dodging        | |  2.4
Stealth        | |  4.8
Spellcasting   | |  2.1
Hexes          | |  3.0

Action                   |  1- 3 |  4- 6 || total
-------------------------+-------+-------++-------
Melee: Dagger            |   111 |   154 ||   265
 Cast: Ensorcelled Hiber |    13 |    10 ||    23
       Corona            |     2 |       ||     2
  Use: Scroll            |     3 |     2 ||     5
       Potion            |       |     4 ||     4
 Stab: Sleeping          |    11 |     7 ||    18
       Distracted        |       |     1 ||     1
  Eat: Chunk             |     8 |     4 ||    12
Armor: Robe              |    18 |    17 ||    35
Dodge: Dodged            |    92 |   128 ||   220
Block: Buckler           |    14 |    46 ||    60
